 Dungeon Crawl Stone Soup version 0.23.0-41-g86b089e62c (webtiles) character file.

Game seed: 15320050167878007283

721 Gargoyl the Skirmisher (level 7, 0/59 HPs)
             Began as a Centaur Abyssal Knight on Feb 28, 2019.
             Was a Priest of Lugonu.
             Killed from afar by an orc wizard (8 damage)
             ... with a puff of flame
             ... on level 5 of the Dungeon.
             The game lasted 00:11:34 (6693 turns).

Gargoyl the Skirmisher (Centaur Abyssal Knight)     Turns: 6693, Time: 00:11:34

Health: 0/59       AC: 17    Str: 15    XL:     7   Next: 43%
Magic:  10/10      EV:  3    Int: 11    God:    Lugonu [***...]
Gold:   356        SH:  0    Dex: 10    Spells: 6/6 levels left

rFire    . . .     SeeInvis .   s - +2 war axe
rCold    . . .     Gourm    .   (no shield)
rNeg     . . .     Faith    .   o - +0 chain mail
rPois    .         Spirit   .   (no helmet)
rElec    .         Reflect  .   r - +0 cloak
rCorr    +         Harm     .   (no gloves)
MR       .....                  e - +1 centaur barding
Stlth    ..........             (no amulet)
HPRegen  0.19/turn              b - ring of resist corrosion
MPRegen  0.12/turn              (no ring)

@: lightly drained, very quick
A: large, hooves 3, thin metallic scales 1, blink, deformed body, speed 2, tough
skin 3
a: Blink, Depart the Abyss, Bend Space, Banish, Renounce Religion


You were on level 5 of the Dungeon.
You worshipped Lugonu.
Lugonu was most pleased with you.
You were very hungry.

You visited 1 branch of the dungeon, and saw 5 of its levels.
You visited the Abyss 1 time.

You collected 356 gold pieces.

Inventory:

Hand Weapons
 a - a +1 hand axe
 s - a +2 war axe (weapon)
Missiles
 k - 7 tomahawks (quivered)
Armour
 e - a +1 centaur barding (worn)
 o - a +0 chain mail (worn)
 r - a +0 cloak (worn)
Jewellery
 b - a ring of resist corrosion (left hand)
Wands
 q - a wand of flame (5)
Scrolls
 f - 2 scrolls of identify
 m - 6 scrolls of remove curse
 n - a scroll of teleportation
 u - 4 scrolls of amnesia
Potions
 d - 2 potions of agility
 h - 3 potions of cancellation
 i - a potion of haste
 j - a potion of brilliance
 l - 4 potions of flight
 p - a potion of mutation
 t - a potion of might
Comestibles
 c - 6 rations


   Skills:
 + Level 4.0(3.9) Fighting
 + Level 4.0(3.9) Axes
 * Level 3.7(3.5) Armour
 * Level 2.4(2.2) Dodging
 * Level 4.0(3.8) Invocations


You had 6 spell levels left.
You didn't know any spells.
Your spell library was empty.

Dungeon Overview and Level Annotations

Branches:
Dungeon (5/15)
 Temple: D:4-7

Altars:
Gozag
Hepliaklqana
Okawaru
The Shining One


Innate Abilities, Weirdness & Mutations

You have hooves in place of feet.
Armour fits poorly on your strangely shaped body.
You cover ground very quickly.
You have extremely tough skin. (AC +3)
You are partially covered in thin metallic scales. (AC +2)
You can translocate small distances at will.


Message History

You feel better.
The orc wizard points at you and mumbles some strange words.
The puff of frost hits you.
* * * LOW HITPOINT WARNING * * *
The orc priest hits you with a +0 flail!
* * * LOW HITPOINT WARNING * * *
The orc barely misses you.
The orc wizard hits you but does no damage.
Press: ? - help, Shift-Dir - straight line, f/p - kobold demonologist
Aim: a kobold demonologist, wielding a +1 vampiric dagger and wearing a +0 robe (fire blocked by a translucent stone wall, chance to defeat MR: 68%)
Okay, then.
Unknown command.
Unknown command.
Unknown command.
Press: ? - help, Shift-Dir - straight line, f - orc priest, p - kobold demonologist
Aim: an orc priest, wielding a +0 flail and wearing a +0 leather armour (chance to defeat MR: 82%)
You fail to use your ability.
The orc wizard points at you and mumbles some strange words.
The puff of flame hits you!
You die...

....#...#########.# #
........#8P$©$P8#.# #
....#...#≈.....P#.####
#Y........####'####.#...
#.#####...#.≈...≈.#.#.##
.#.#####..$#.≈...≈.#.#.#
...........#.≈≈PP≈.#.#.#
.#......o)o.#.≈≈⌠P≈.#.#.#
#........@o.#K≈≈≈≈≈.#.#.#
#>........).#.≈...≈.#.#.#
#..#.....#..#.≈...≈)#.#.##
#........#..####'####.#...
.#......#..#P.....P#.####
#......#..#8P.©.P8#.#
#......#..#########.#
##.....#......©.....#
#..####.####...#####


You could see a kobold demonologist, an orc priest, an orc wizard and an orc.

Vanquished Creatures
  A centaur (D:3)
  A howler monkey (D:4)
  5 orc priests
  2 hounds (D:4)
  2 orc wizards (D:4)
  4 worker ants
  A hound skeleton (D:4)
  8 adders
  3 shadow imps (D:5)
  4 worms
  2 dart slugs (D:2)
  4 leopard geckos
  21 orcs
  12 bats
  9 giant cockroaches
  9 goblins
  5 hobgoblins
  2 jackals (D:1)
  5 quokkas
  4 frilled lizards
  8 kobolds
  A quokka skeleton (D:3)
  5 rats
118 creatures vanquished.

Notes
Turn   | Place    | Note
-------+----------+-------------------------------------------
     0 | Abyss:1  | Gargoyl the Centaur Abyssal Knight began the quest for the
                  | Orb.
     0 | Abyss:1  | Reached XP level 1. HP: 19/19 MP: 2/2
    58 | Abyss:2  | Noticed a wraith
    68 | Abyss:2  | Noticed a spatial vortex
    68 | Abyss:2  | Noticed a spatial vortex
   100 | Abyss:3  | Noticed a flying skull
   100 | Abyss:3  | Noticed a flying skull
   100 | Abyss:3  | Noticed a flying skull
   130 | Abyss:3  | Noticed a smoke demon
   131 | D:1      | Escaped the Abyss
   335 | D:1      | Reached * piety under Lugonu
   570 | D:1      | Reached XP level 2. HP: 24/26 MP: 3/3
  1219 | D:1      | Reached skill level 1 in Dodging
  1221 | D:1      | Reached XP level 3. HP: 25/31 MP: 4/4
  1556 | D:2      | Reached XP level 4. HP: 18/38 MP: 5/5
  1957 | D:2      | Reached ** piety under Lugonu
  2089 | D:2      | You fall through a shaft!
  2627 | D:3      | Noticed a centaur
  2634 | D:3      | Killed a centaur
  2634 | D:3      | Reached XP level 5. HP: 25/45 MP: 5/7
  2765 | D:3      | Found a glowing golden altar of the Shining One.
  2816 | D:2      | Found an opulent altar of Gozag.
  3526 | D:3      | Reached XP level 6. HP: 44/52 MP: 8/8
  3707 | D:4      | You fall through a shaft!
  3707 | D:5      | Entered Level 5 of the Dungeon
  3730 | D:5      | Found an iron altar of Okawaru.
  3882 | D:5      | Found a transporter.
  4736 | D:4      | Reached *** piety under Lugonu
  5714 | D:4      | Reached XP level 7. HP: 51/58 MP: 9/9
  5826 | D:4      | Found a hazy altar of Hepliaklqana.
  5920 | D:5      | Gained mutation: You can translocate small distances at
                  | will. [potion of mutation]
  5920 | D:5      | Gained mutation: You are partially covered in thin metallic
                  | scales. (AC +2) [potion of mutation]
  6006 | D:5      | Noticed a kobold demonologist
  6078 | D:5      | Found a transporter.
  6615 | D:5      | Noticed a chaos spawn
  6693 | D:5      | Killed from afar by an orc wizard

Skill      XL: |  1  2  3  4  5  6  7 |
---------------+----------------------+-----
Dodging        | 1 2 |  2.4
Axes           | 2 3 4 |  4.0
Armour         | 2 3 |  3.7
Invocations    | 3 4 |  4.0
Fighting       | 4 |  4.0

Action                   |  1- 3 |  4- 6 |  7- 9 || total
-------------------------+-------+-------+-------++-------
Melee: Hand axe          |   105 |   202 |       ||   307
       Kick              |    25 |    46 |    17 ||    88
       War axe           |       |    57 |    45 ||   102
Invok: Depart the Abyss  |     1 |       |       ||     1
Evoke: Wand              |       |       |    11 ||    11
  Use: Scroll            |     7 |     9 |     4 ||    20
       Potion            |     1 |     1 |     4 ||     6
  Eat: Chunk             |     1 |    11 |     2 ||    14
Armor: Leather armour    |    40 |       |       ||    40
       Ring mail         |    53 |    10 |       ||    63
       Chain mail        |       |   261 |    59 ||   320
Dodge: Dodged            |    65 |    47 |    14 ||   126
